 Dungeon Crawl Stone Soup version 0.31-a0-819-gf6de2f5ab6 (webtiles) character file.

Game seed: 14304664139549219755

3679 adelrune the Destroyer (level 9, -9/79 HPs)
             Began as a Purple Draconian Conjurer on Sept 23, 2023.
             Was a Follower of Ignis.
             Shot with an arrow by a centaur (12 damage)
             ... on level 8 of the Dungeon.
             The game lasted 00:26:43 (7819 turns).

adelrune the Destroyer (Purple Draconian Conjurer)  Turns: 7819, Time: 00:26:44

Health: -9/79      AC: 15    Str: 13    XL:     9   Next: 90%
Magic:  20/20      EV: 11    Int: 25    God:    Ignis [*.....]
Gold:   160        SH:  0    Dex:  8    Spells: 7/23 levels left

rFire   + . .        k - +11 rapier of the Pill Bug {freeze, Str+4 Int+2 Dex-2}
rCold   . . .        (no shield)
rNeg    . . .        (body armour unavailable)
rPois   .            (helmet restricted)
rElec   .            (no cloak)
rCorr   .            c - +0 pair of gloves
SInv    .            (no boots)
Will    +++..        (no amulet)
Stlth   +            j - ring of willpower
HPRegen 0.33/turn    f - ring of willpower
MPRegen 0.17/turn

%: no passive effects
@: marked, fiery-armoured
A: breathe power, AC +7, unfitting armour, cold-blooded
a: Breathe Dispelling Energy, Renounce Religion, Fiery Armour, Foxfire Swarm,
Rising Flame


You were on level 8 of the Dungeon.
You worshipped Ignis.
Ignis was aware of your devotion.
You visited 1 branch of the dungeon, and saw 8 of its levels.

You collected 523 gold pieces.
You spent 363 gold pieces at shops.

Inventory:

Hand Weapons
 i - a +2 dagger of venom
 k - the +11 rapier of the Pill Bug (weapon) {freeze, Str+4 Int+2 Dex-2}
   (You found it on level 2 of the Dungeon)

   Str+4:     It affects your strength (+4).
   Int+2:     It affects your intelligence (+2).
   Dex-2:     It affects your dexterity (-2).
Missiles
 p - 3 throwing nets
Armour
 c - a +0 pair of gloves (worn)
Jewellery
 f - a ring of willpower (right hand)
 j - a ring of willpower (left hand)
 u - a ring of ice
Talismans
 v - a storm talisman
Wands
 o - a wand of polymorph (3)
 G - a wand of charming (9)
Scrolls
 d - 2 scrolls of revelation {unknown}
 g - 2 scrolls of enchant armour
 h - 2 scrolls of amnesia
 m - 2 scrolls of summoning
 n - 2 scrolls of enchant weapon
 r - 3 scrolls of fear
 s - a scroll of torment {unknown}
 t - 6 scrolls of teleportation
 w - 3 scrolls of vulnerability
 y - a scroll of fog {unknown}
 E - a scroll of blinking
 F - 3 scrolls of identify
 H - a scroll of brand weapon {unknown}
Potions
 a - a potion of magic
 b - a potion of heal wounds {unknown}
 e - 2 potions of enlightenment
 l - a potion of ambrosia {unknown}
 q - a potion of invisibility
 x - 2 potions of mutation {unknown}
 z - a potion of brilliance {unknown}
 A - 3 potions of curing {unknown}
 B - a potion of berserk rage {unknown}
 C - 2 potions of might
 D - 2 potions of degeneration {unknown}


   Skills:
 + Level 7.1 Fighting
 - Level 1.7 Dodging
 - Level 1.7 Stealth
 + Level 7.6 Spellcasting
 * Level 10.2 Conjurations
 + Level 5.6 Hexes


You had 7 spell levels left.
You knew the following spells:

 Your Spells              Type           Power      Damage    Failure   Level
a - Magic Dart            Conj           100%       1d8       1%          1
b - Searing Ray           Conj           100%       2d8       1%          2
c - Dazzling Flash        Conj/Hex       98%        N/A       1%          3
d - Fulminant Prism       Conj/Hex       24%        3d12      2%          4
e - Jinxbite              Hex            76%        N/A       1%          2
f - Iskenderun's Mystic   Conj/Tloc      35%        2d8       8%          4

Your spell library contained the following spells:

 Spells                   Type           Power      Damage    Failure   Level
 Stone Arrow              Conj/Erth      70%        3d11      2%          3
 Apportation              Tloc           18%        N/A       6%          1
 Sandblast                Erth           18%        2d7       6%          1
 Brom's Barrelling Bould  Conj/Erth      35%        2d5       8%          4
 Passwall                 Tmut/Erth      7%         N/A       10%         2
 Summon Lightning Spire   Summ/Air       9%         N/A       54%         4
 Alistair's Intoxication  Tmut/Pois      6%         N/A       87%         5
 Lee's Rapid Deconstruct  Erth           4%         3d5*      87%         5
 Animate Armour           Summ/Erth      Unusable   N/A       N/A         4

Dungeon Overview and Level Annotations

Branches:
Dungeon (8/15)             Temple (0/1) D:6
   Lair: D:8-11

Altars:
Ashenzari
Cheibriados
Hepliaklqana
Okawaru
Sif Muna
Trog
Vehumet
Xom
Zin
The Shining One
Ignis

Shops:
D:3 ?[   D:6 [:?


Innate Abilities, Weirdness & Mutations

You can breathe bolts of dispelling energy.
Your rich purple scales are hard. (AC +7)
You cannot fit into any form of body armour.
You are cold-blooded and may be slowed by cold attacks.


Message History

The foxfire hits the yak but does no damage.
The yak is moderately wounded.
The foxfire hits the yak but does no damage.
The yak is moderately wounded.
The foxfire hits the yak but does no damage.
The yak is moderately wounded.
The foxfire hits the yak.
The yak is moderately wounded.
The foxfire hits the yak but does no damage.
The yak is moderately wounded.
The foxfire hits the yak.
The yak is moderately wounded.
The foxfire hits the yak but does no damage.
The yak is moderately wounded.
The foxfire hits the yak but does no damage.
The yak is moderately wounded.
The foxfire hits the yak.
The yak is heavily wounded.
You hit the yak. You freeze the yak.
The yak is heavily wounded.
The yak misses you.
A jelly comes into view.
You puncture the yak! You freeze the yak.
Your tail-slap misses the yak.
The yak is almost dead.
The bullfrog closely misses you. The yak gores you.
* * * LOW HITPOINT WARNING * * *
The yak is burned by your cloak of flames.
The yak is heavily wounded.
The yak barely misses you. The bullfrog hits you.
* * * LOW HITPOINT WARNING * * *
The bullfrog is burned by your cloak of flames.
The bullfrog is moderately wounded.
The yak gores you.
* * * LOW HITPOINT WARNING * * *
The yak is burned by your cloak of flames.
The yak is heavily wounded.
You puncture the yak! You freeze the yak.
You kill the yak!
The centaur shoots an arrow.
The arrow hits you!
You die...

....###.....#
Y....##....###
...#..###....###
...#...........#
...###....###..##
.........## #ยง..##
........[.#####..#
.....###..J..c.Y.###
....# #......#c.@..#
..#..##.##.Y.#.F..##
.#.......##.###.###
##........######
.#...........#
.....>......##
.###...)..###
.......#.##
.......######


You could see a yak, a bullfrog, 2 centaurs and a jelly.

Vanquished Creatures
  A two-headed ogre (D:6)
  A troll (D:8)
  A wyvern (D:8)
  2 yaks (D:8)
  Menkaure (D:4)
  2 water moccasins (D:7)
  A sky beast (D:7)
  An orc warrior (D:7)
  3 centaurs
  Blork the orc (D:5)
  2 phantoms (D:7)
  3 bullfrogs
  3 scorpions
  6 killer bees (D:6)
  4 howler monkeys
  2 jellies
  3 orc priests
  A hound (D:4)
  2 gnoll boudas
  3 sleepcaps
  2 iguanas
  8 orc wizards
  Terence (D:3)
  7 gnolls
  9 adders
  An ufetubus (D:3)
  4 dart slugs
  26 orcs
  7 ball pythons
  10 endoplasms
  A giant cockroach (D:3)
  7 goblins
  5 hobgoblins
  12 kobolds
  2 quokkas
  9 bats
  6 frilled lizards
  5 rats
  A spectral orc (D:6)
166 creatures vanquished.

Vanquished Creatures (others)
  53 foxfires
  7 fulminant prisms
60 creatures vanquished.

Grand Total: 226 creatures vanquished

Notes
Turn   | Place    | Note
-------+----------+-------------------------------------------
     0 | D:1      | adelrune the Draconian Conjurer began the quest for the
                  | Orb.
     0 | D:1      | Reached XP level 1. HP: 14/14 MP: 3/3
   326 | D:1      | Reached XP level 2. HP: 22/22 MP: 3/5
   484 | D:1      | Reached skill level 1 in Fighting
   790 | D:1      | Learned a level 2 spell: Searing Ray
  1229 | D:2      | Reached XP level 3. HP: 28/28 MP: 4/6
  1432 | D:2      | Found a glowing silver altar of Zin.
  1518 | D:2      | Identified the +11 rapier of the Pill Bug {freeze, Str+4
                  | Int+2 Dex-2}
  1597 | D:2      | Found a faded altar of an unknown god.
  1607 | D:2      | Prayed at the altar of an unknown god.
  1607 | D:2      | Became a worshipper of Ignis, the Dying Flame
  2138 | D:3      | Found Uggibyt's Antique Weapon Emporium.
  2152 | D:3      | Noticed Terence
  2183 | D:3      | Reached XP level 4. HP: 36/36 MP: 7/7
  2190 | D:3      | Killed Terence
  2191 | D:3      | Reached skill level 5 in Conjurations
  2416 | D:3      | Found Taeseoph's Antique Armour Emporium.
  2591 | D:3      | Reached XP level 5. HP: 42/42 MP: 9/9
  2702 | D:3      | Found Zora's Magic Scroll Boutique.
  2708 | D:3      | Bought a scroll of teleportation for 42 gold pieces
  2708 | D:3      | Bought a scroll of teleportation for 42 gold pieces
  3229 | D:4      | Found a bloodstained altar of Trog.
  3288 | D:4      | Found an iron altar of Okawaru.
  3593 | D:4      | Found a snail-covered altar of Cheibriados.
  3635 | D:4      | Reached XP level 6. HP: 51/51 MP: 7/10
  3687 | D:4      | Noticed Menkaure
  3694 | D:4      | Killed Menkaure
  3695 | D:4      | Reached skill level 6 in Conjurations
  3827 | D:4      | Found a glowing golden altar of the Shining One.
  3919 | D:5      | Entered Level 5 of the Dungeon
  3939 | D:5      | Noticed Blork the orc
  3942 | D:5      | Killed Blork the orc
  3990 | D:5      | Your scales start taking on a rich purple colour.
  3990 | D:5      | Reached XP level 7. HP: 58/58 MP: 8/14
  3994 | D:5      | Learned a level 3 spell: Dazzling Flash
  4171 | D:5      | Found a radiant altar of Vehumet.
  4306 | D:5      | Found a broken altar of Ashenzari.
  4310 | D:5      | Reached skill level 1 in Hexes
  4384 | D:5      | Reached skill level 5 in Spellcasting
  4384 | D:5      | Reached skill level 7 in Conjurations
  4914 | D:6      | Found Woseem's Antique Armour Boutique.
  5019 | D:6      | Reached XP level 8. HP: 59/67 MP: 9/16
  5126 | D:6      | Learned a level 4 spell: Fulminant Prism
  5164 | D:6      | Noticed a two-headed ogre
  5221 | D:6      | Killed a two-headed ogre
  5222 | D:6      | Reached skill level 5 in Fighting
  5222 | D:6      | Reached skill level 8 in Conjurations
  5425 | D:6      | Found Netigule's Book Boutique.
  5524 | D:6      | Found Vumoco's Magic Scroll Shoppe.
  5533 | D:6      | Bought a scroll of teleportation for 39 gold pieces
  5533 | D:6      | Bought a scroll of blinking for 97 gold pieces
  5533 | D:6      | Bought a scroll of teleportation for 39 gold pieces
  5533 | D:6      | Bought a scroll of identify for 26 gold pieces
  5533 | D:6      | Bought a scroll of identify for 26 gold pieces
  5533 | D:6      | Bought a scroll of fear for 52 gold pieces
  5643 | D:6      | Found a hazy altar of Hepliaklqana.
  5802 | D:6      | Found a shimmering altar of Xom.
  5910 | D:6      | Found a staircase to the Ecumenical Temple.
  6038 | D:7      | Reached XP level 9. HP: 75/75 MP: 9/18
  6107 | D:7      | Learned a level 2 spell: Jinxbite
  6113 | D:7      | Reached skill level 9 in Conjurations
  6731 | D:7      | HP: 3/78 [something/magic dart (6)]
  6732 | D:7      | Reached skill level 5 in Hexes
  7175 | D:7      | Learned a level 4 spell: Iskenderun's Mystic Blast
  7409 | D:7      | Found a shimmering blue altar of Sif Muna.
  7474 | D:8      | Noticed a troll
  7482 | D:8      | Killed a troll
  7798 | D:8      | Reached skill level 10 in Conjurations
  7818 | D:8      | HP: 3/79 [bullfrog (2)]
  7819 | D:8      | Shot with an arrow by a centaur

Illustrated notes

Levels and vault maps discovered:
D:1:      lightli_arrival_isolated_outpost, layout_basic
D:2:      minmay_evil_eye, layout_loops_ring, hellmonk_ecumenical_altar_zigzags,
          basic_altar
D:3:      minmay_door_path, layout_basic, serial_shops, shop, shop, shop,
          uniq_terence
D:4:      layout_gridville, okawaru_metal_pillars_1_2, old_standard_altar,
          kennysheep_slug_shrine, lemuel_round_altar, uniq_menkaure
D:5:      layout_cave_pools, vehumet_crystals, evilmike_ruin_ashenzari,
          uniq_blork_the_orc
D:6:      layout_loops_ring, nicolae_hepliaklqana_monster_ancestors, tgw_xom,
          temple_green, serial_shops, shop, shop, shop
D:7:      layout_basic, nicolae_sif_muna_little_library,
          serial_co_window_serial, co_window_of_opportunity_a,
          co_window_corner_a, co_window_of_opportunity_a, co_window_corner_a,
          co_window_corner_a, co_window_paths_c, co_window_broadway_b,
          co_window_broadway_c, co_window_4corner_b, glass_columns_a,
          glass_columns_c, glass_columns_a
D:8:      layout_cave_pools, dpeg_lair_monsters, uniq_joseph

Skill      XL: |  1  2  3  4  5  6  7  8  9 |
---------------+----------------------------+-----
Fighting       | 1 2 3 4 5 7 |  7.1
Conjurations   | 5 6 7 8 10 | 10.2
Spellcasting   | 3 4 5 6 7 |  7.6
Hexes          | 2 4 5 |  5.6
Dodging        | |  1.7
Stealth        | |  1.7

Action                     |  1- 3 |  4- 6 |  7- 9 || total
---------------------------+-------+-------+-------++-------
  Melee: Unarmed           |     4 |       |       ||     4
         Tailslap          |     2 |     2 |     8 ||    12
         Punch             |     1 |     1 |       ||     2
         Rapier            |    20 |    50 |    90 ||   160
   Cast: Magic Dart        |    64 |    57 |   122 ||   243
         Searing Ray       |       |     4 |    13 ||    17
         Fulminant Prism   |       |       |     7 ||     7
         Dazzling Flash    |       |       |     2 ||     2
         Jinxbite          |       |       |     4 ||     4
 Invoke: Foxfire Swarm     |       |     1 |     5 ||     6
         Fiery Armour      |       |       |     1 ||     1
Ability: Breathe Dispellin |       |       |     5 ||     5
    Use: Scroll            |       |     2 |     6 ||     8
         Potion            |       |       |     1 ||     1
   Stab: Sleeping          |     2 |     2 |       ||     4
         Invisible         |       |       |     1 ||     1
 Armour: Skin              |    17 |    37 |   135 ||   189
  Dodge: Dodged            |    26 |    32 |    74 ||   132

Table legend: (Time is in decaauts)
 A = Elapsed time spent in this place.
 B = Non-inter-level travel time spent in this place.
 C = Inter-level travel time spent in this place.
 D = Time resting spent in this place.
 E = Time spent auto-exploring this place.
 F = Levels seen in this place.
 G = Mean time per level.
                   A        B        C        D        E       F      G
               +--------+--------+--------+--------+--------+-----+--------+
         Total |   7858 |   7683 |    175 |   1800 |   4721 |   8 |  982.2 |
       Dungeon |   7858 |   7683 |    175 |   1800 |   4721 |   8 |  982.2 |
               +--------+--------+--------+--------+--------+-----+--------+

Top non-repeatable levels by time:
     D:7: 1681 daAuts
     D:6: 1309 daAuts
     D:1: 1236 daAuts
     D:3: 1118 daAuts
     D:2: 852 daAuts
     D:5: 806 daAuts
     D:4: 733 daAuts
     D:8: 120 daAuts
